 Dungeon Crawl Stone Soup version 0.21-a0-529-g8c7b3f5 (webtiles) character file.

4 Amnesiac the Vexing (level 1, 0/19 HPs)
             Began as an Ogre Arcane Marksman on Dec 11, 2017.
             Slain by a kobold
             ... wielding a cursed -2 short sword
              (3 damage)
             ... on level 1 of the Dungeon.
             The game lasted 00:00:46 (110 turns).

Amnesiac the Vexing (Ogre Arcane Marksman)           Turns: 110, Time: 00:00:47

Health: 0/19       AC:  3    Str: 13    XL:     1   Next: 70%
Magic:  2/2        EV: 10    Int: 14    God:
Gold:   0          SH:  0    Dex:  9    Spells: 1/2 levels left

rFire    . . .     SeeInvis .   (no weapon)
rCold    . . .     Gourm    .   (no shield)
rNeg     . . .     Faith    .   a - +0 robe
rPois    .         Spirit   .   (helmet restricted)
rElec    .         Reflect  .   (no cloak)
rCorr    .         Harm     .   (gloves unavailable)
MR       .....                  (boots unavailable)
Stlth    +.........             (no amulet)
HPRegen  0.06/turn              (no ring)
MPRegen  0.08/turn              (no ring)

@: no status effects
A: large, unfitting armour, tough skin 1
a: no special abilities


You were on level 1 of the Dungeon.
You were not hungry.

You visited 1 branch of the dungeon, and saw 1 of its levels.

Inventory:

Missiles
 c - a large rock (quivered)
 d - 2 throwing nets
 g - 14 stones
Armour
 a - a +0 robe (worn)
Scrolls
 e - a scroll of amnesia {!r, unknown}
Books
 b - a book of Debilitation

   Spells                             Type                      Level
   a - Corona                         Hexes                        1
   b - Slow                           Hexes                        2
   c - Inner Flame                    Hexes/Fire                   3
   d - Portal Projectile              Hexes/Translocation          3
   e - Cause Fear                     Hexes                        4
   f - Leda's Liquefaction            Hexes/Earth                  4
Comestibles
 f - 2 bread rations


   Skills:
 + Level 1.6 Fighting
 * Level 2.1 Throwing
 - Level 1.7 Dodging
 + Level 1.3 Spellcasting
 + Level 2.7 Hexes


You had one spell level left.
You knew the following spells:

 Your Spells              Type           Power        Failure   Level  Hunger
a - Corona                Hex            #......      9%          1    ##.....


Dungeon Overview and Level Annotations

Branches:
Dungeon (1/15)

Altars:


Innate Abilities, Weirdness & Mutations

You are too large for most types of armour.
You have tough skin. (AC +1)


Message History

The goblin is heavily wounded.
The goblin hits you.
You closely miss the goblin.
The goblin is moderately wounded.
The goblin hits you.
You barely miss the goblin.
The goblin is moderately wounded.
The goblin closely misses you.
You hit the goblin.
The goblin is heavily wounded.
The goblin hits you.
You hit the goblin but do no damage.
The goblin is moderately wounded.
The goblin hits you.
* * * LOW HITPOINT WARNING * * *
Throwing (i - inventory. (,) - cycle):
g - 17 stones (quivered)
Press: ? - help, Shift-Dir - straight line, f/p - goblin
Aim: a goblin (moderately wounded, softly glowing)
You throw a stone.
The stone hits the goblin but does no damage.
The goblin is moderately wounded.
The goblin hits you.
* * * LOW HITPOINT WARNING * * *
Throwing (i - inventory. (,) - cycle):
g - 16 stones (quivered)
Press: ? - help, Shift-Dir - straight line, f/p - goblin
Aim: a goblin (moderately wounded, softly glowing)
You throw a stone. The stone barely misses the goblin.
The stone barely misses the giant cockroach.
The stone closely misses the kobold.
The goblin barely misses you.
Throwing (i - inventory. (,) - cycle):
g - 15 stones (quivered)
Press: ? - help, Shift-Dir - straight line, f/p - goblin
Aim: a goblin (moderately wounded, softly glowing)
You throw a stone.
The stone hits the goblin but does no damage.
The goblin is moderately wounded.
The goblin stops glowing.
The goblin completely misses you. The goblin closely misses you.
Quiver which item? (- for none, * to show all) (? for menu, Esc to quit)
Quivering
c - 4 large rocks for throwing.
You hit the goblin.
The goblin is heavily wounded.
The goblin hits you.
* * * LOW HITPOINT WARNING * * *
Throwing (i - inventory. (,) - cycle):
c - 4 large rocks (quivered)
Press: ? - help, Shift-Dir - straight line, f/p - goblin
Aim: a goblin (heavily wounded)
You throw a large rock. The large rock hits the goblin.
You kill the goblin!
The giant cockroach bites you.
* * * LOW HITPOINT WARNING * * *
Throwing (i - inventory. (,) - cycle):
c - 3 large rocks (quivered)
Press: ? - help, Shift-Dir - straight line, f - giant cockroach
Aim: a giant cockroach (clinging)
You throw a large rock.
The large rock hits the giant cockroach!
You kill the giant cockroach!
The kobold barely misses you.
Throwing (i - inventory. (,) - cycle):
c - 2 large rocks (quivered)
Press: ? - help, Shift-Dir - straight line, f - kobold
Aim: a kobold, wielding a short sword You throw a large rock.
The large rock hits the kobold.
You kill the kobold!
The kobold hits you with a short sword.
You die...

... .. .. ##. .. .. .#
.#. #.# ######.#.....
#.# #...K@.....# #.#
#.####.....# #.#
######.####....... ###.#
#...##..........##
>##.###.#.##K##.##.#.#..
.##..'..#<#.....##.##.##
###.###†#.#.K......# ##
..†.# #...#........#
###.# #####.########


You could see a kobold.

Vanquished Creatures
  A giant cockroach (D:1)
  A goblin (D:1)
  A frilled lizard (D:1)
  A kobold (D:1)
  A rat (D:1)
5 creatures vanquished.

Notes
Turn   | Place    | Note
-------+----------+-------------------------------------------
     0 | D:1      | Amnesiac the Ogre Arcane Marksman began the quest for the Orb.
     0 | D:1      | Reached XP level 1. HP: 19/19 MP: 2/2
   110 | D:1      | Slain by a kobold

Vault maps used:
D:1:      dpeg_arrival_renting

Action                   || total
-------------------------++-------
Melee: Unarmed           ||    13
Throw: Stone             ||     3
       Large rock        ||     3
 Cast: Corona            ||     2
Armor: Robe              ||     2
Dodge: Dodged            ||    11

Table legend:
 A = Spawn XP
 B = Non-spawn XP
 C = Spawn XP percentage of total XP
 D = Spawn monster count
 E = Non-spawn monster count
 F = Spawn count percentage of total count
 G = Total turns spent on level
                    A         B        C        D         E        F      G
               +---------+---------+-------+---------+---------+-------+---------
         Total |       0 |       7 |   0.0 |       0 |       5 |   0.0 |   110
               +---------+---------+-------+---------+---------+-------+---------
           D:1 |       0 |       7 |   0.0 |       0 |       5 |   0.0 |   110
               +---------+---------+-------+---------+---------+-------+---------
